cohdb
Replays
Latest Replays
All Replays
Popular Replays
Top Player Replays
Match Explorer
How It Works
Community
CoH3 Stats
Reddit
Sign in to upload your games and track your stats! →
Sign in with Steam
Match 38329176
Unlisted
Match 38329176
Overview
Messages
Build Orders
End
Construct Barracks
Selects Armored Battlegroup
Selects Veteran Crews
1⁄4-ton 4x4 Truck
Riflemen Squad
M1 Mortar Team
Grenade Package
Riflemen Squad
Construct Weapon Support Center
M1919 Machine Gun Team
Selects Fast Deploy
Air Support Center
M3 Armored Personnel Carrier
Grasshopper Recon Run
M3 Armored Personnel Carrier
M3 Armored Personnel Carrier
Grasshopper Recon Run
M1919 Machine Gun Team
Riflemen Squad
Engineer Squad
Grasshopper Recon Run
Construct Tank Depot
Grasshopper Recon Run
Selects M8 Scott SPG
Selects UNKNOWN (2160077)
Selects M31 Recovery Vehicle
Selects War Machine
M4A3E8 Sherman Easy Eight
Grasshopper Recon Run
P-47 Strafing Run
Grasshopper Recon Run
M4A3E8 Sherman Easy Eight
Grasshopper Recon Run
M4A3E8 Sherman Easy Eight
Double Sortie
Advanced Air Reconnaissance
Air Supply
P-47 Dive Bomb
DarkShadow0o7
Mecska
只出曲线
UH|XTC
insane
iceman
0
0
Comments
sign in to comment!
No comments posted yet!